[Event "ICC tourney 2562 (45 10)"]
[Site "Internet Chess Club"]
[Date "2021.05.15"]
[Round "5"]
[White "Singh, Saharsh:saharshsingh02"]
[Black "FOLTIN, ADAM B.:TheEqualCarry"]
[Result "0-1"]
[ICCResult "White resigns"]
[WhiteElo "957"]
[BlackElo "1216"]
[Opening "Old Benoni defense"]
[ECO "A43"]
[NIC "OI.09"]
[Time "21:01:12"]
[PlyCount "106"]
[TimeControl "2700+10"]

1. d4 c5 2. dxc5 d6 3. Nc3 Nf6 4. Nf3 g6 5. cxd6 exd6 6. Bg5 Bg7 7. e4 O-O
8. Bd3 Qa5 9. Qd2 Re8 10. O-O-O Bg4 11. h3 Bxf3 12. gxf3 Nc6 13. Bh6 Bh8
14. Bb5 Re5 15. Qxd6 Rxb5 16. Nxb5 Qxb5 17. Rd3 Ne8 18. Rb3 Qxb3 19. axb3
Nxd6 20. Rd1 Nb5 21. Rd7 Bg7 22. Bf4 Be5 23. Bd2 b6 24. f4 Bg7 25. Rd5 Nbd4
26. e5 Rc8 27. Bc3 Ne2+ 28. Kb1 Nxc3+ 29. bxc3 Rd8 30. Rd6 Rxd6 31. exd6
Bxc3 32. d7 Kf8 33. Ka2 Ke7 34. Ka3 Kxd7 35. Ka4 Ke6 36. Kb5 Ne7 37. Ka6
Nc8 38. Kb7 Kd7 39. f3 Bd2 40. c4 Bxf4 41. b4 a5 42. bxa5 bxa5 43. Ka6 Bd2
44. Kb5 Nd6+ 45. Ka4 Nxc4 46. h4 Ne3 47. f4 Nf5 48. h5 gxh5 49. Kb5 h4 50.
Kc4 h3 51. Kd3 Bb4 52. Ke2 h2 53. Kf2 h1=Q { White resigns } 0-1

[Event "ICC tourney 2562 (45 10)"]
[Site "Internet Chess Club"]
[Date "2021.05.15"]
[Round "5"]
[White "WU, WINSTON:qjet"]
[Black "CHATTERJEE, SIDDHAM:siddham"]
[Result "1-0"]
[ICCResult "Black checkmated"]
[WhiteElo "1200"]
[BlackElo "805"]
[Opening "French: advance, Milner-Barry gambit"]
[ECO "C02"]
[NIC "FR.03"]
[Time "21:01:39"]
[PlyCount "101"]
[TimeControl "2700+10"]

1. e4 e6 2. d4 d5 3. e5 c5 4. c3 Nc6 5. Nf3 Qb6 6. Bd3 Bd7 7. Bc2 O-O-O 8.
O-O Nge7 9. dxc5 Qxc5 10. Be3 Qa5 11. Na3 Ng6 12. Bxg6 hxg6 13. Qc1 Be7 14.
Nc2 f6 15. exf6 gxf6 16. Nb4 g5 17. Nxc6 Bxc6 18. Nd4 Qc7 19. f4 Qd6 20.
Nxc6 bxc6 21. Qc2 Rh6 22. Qe2 Rdh8 23. h3 Qc7 24. Qa6+ Qb7 25. Qxa7 Qxa7
26. Bxa7 gxf4 27. Rxf4 Kb7 28. Be3 Rg6 29. Kf2 Rhg8 30. g4 f5 31. Rg1 Bh4+
32. Kf1 Bg5 33. Rf3 f4 34. Bd4 Re8 35. Be5 Ra8 36. a3 Ra4 37. Rg2 Re4 38.
Re2 Bh4 39. Rxe4 dxe4 40. Rxf4 e3 41. Re4 Rg8 42. Bf4 e5 43. Bxe3 Rf8+ 44.
Ke2 Bg3 45. h4 Bxh4 46. Rxe5 Bg3 47. Re7+ Ka6 48. a4 Ra8 49. g5 Bh4 50. Rc7
Re8 51. Ra7# { Black checkmated } 1-0

[Event "ICC tourney 2562 (45 10)"]
[Site "Internet Chess Club"]
[Date "2021.05.15"]
[Round "5"]
[White "SHARMA, ISHAAN:ishaansharma12"]
[Black "Ehrenberg, Joshua:joshebow"]
[Result "0-1"]
[ICCResult "White checkmated"]
[WhiteElo "472"]
[BlackElo "673"]
[Opening "Sicilian defense"]
[ECO "B30"]
[NIC "SI.31"]
[Time "21:01:12"]
[PlyCount "70"]
[TimeControl "2700+10"]

1. e4 c5 2. Nf3 Nc6 3. Nc3 d6 4. Bc4 g6 5. O-O Bg7 6. d3 Nf6 7. Be3 O-O 8.
d4 cxd4 9. Nxd4 Nxd4 10. Bxd4 e5 11. Be3 Ng4 12. Nd5 Be6 13. h3 Nxe3 14.
fxe3 Qg5 15. Qf3 Rac8 16. Bb3 f5 17. exf5 Rxf5 18. Qe4 Kh8 19. h4 Qg3 20.
Ne7 Rxf1+ 21. Rxf1 Re8 22. Bxe6 Rxe7 23. Rf3 Qe1+ 24. Rf1 Qe2 25. Bg4 Qd2
26. Qf3 Qxc2 27. Bh3 Qxb2 28. Qg4 Re8 29. Qd7 Rf8 30. Rxf8+ Bxf8 31. Qf7
Bh6 32. Be6 Bxe3+ 33. Kh2 Bf4+ 34. Kh3 Qc3+ 35. Kg4 Qg3# { White checkmated
} 0-1

[Event "ICC tourney 2562 (45 10)"]
[Site "Internet Chess Club"]
[Date "2021.05.15"]
[Round "5"]
[White "Neti, Adarsh:PearPower"]
[Black "Zong, Ivan:ivanzong"]
[Result "0-1"]
[ICCResult "White checkmated"]
[WhiteElo "1270"]
[BlackElo "1081"]
[Opening "French: exchange variation"]
[ECO "C01"]
[NIC "FR.01"]
[Time "21:01:37"]
[PlyCount "74"]
[TimeControl "2700+10"]

1. e4 e6 2. d4 d5 3. exd5 exd5 4. Nf3 Nf6 5. Nc3 Bb4 6. Bd2 O-O 7. Be2 Nc6
8. O-O Bf5 9. a3 Bxc3 10. Bxc3 Ne7 11. h3 Ng6 12. Bd3 Bxd3 13. Qxd3 Ne4 14.
Rad1 Nf4 15. Qb5 Ng5 16. Nh2 Ngxh3+ 17. Kh1 Ng5 18. Bd2 Ng6 19. Bxg5 Qxg5
20. Rb1 Rae8 21. Rfe1 Re6 22. Rxe6 fxe6 23. Rf1 Qf4 24. c3 b6 25. Qd7 Qe4
26. Qxc7 Nf4 27. Nf3 Qe2 28. Kg1 Qxb2 29. Qxa7 Qxc3 30. Qxb6 Qxa3 31. Ng5
Qe7 32. Nf3 Ne2+ 33. Kh1 Rxf3 34. gxf3 Qh4+ 35. Kg2 Nf4+ 36. Kg1 Qg5+ 37.
Kh2 Qg2# { White checkmated } 0-1

[Event "ICC tourney 2562 (45 10)"]
[Site "Internet Chess Club"]
[Date "2021.05.15"]
[Round "5"]
[White "DSOUZA, AIDEN:aiden004"]
[Black "HOT, VELID:Vh1025"]
[Result "1-0"]
[ICCResult "Black checkmated"]
[WhiteElo "1188"]
[BlackElo "1174"]
[Opening "Pirc: classical (two knights) system"]
[ECO "B08"]
[NIC "PU.10"]
[Time "21:01:35"]
[PlyCount "103"]
[TimeControl "2700+10"]

1. e4 d6 2. d4 Nf6 3. Nc3 g6 4. Nf3 Bg7 5. Bd3 O-O 6. O-O Nbd7 7. h3 c5 8.
dxc5 Nxc5 9. Be3 Nxd3 10. Qxd3 a6 11. Rad1 b5 12. e5 Ne8 13. exd6 Nxd6 14.
Bc5 Be6 15. a3 Bc4 16. Qd2 Bxf1 17. Kxf1 Nf5 18. Nd5 Nd6 19. Nxe7+ Qxe7 20.
Bxd6 Qd8 21. Bxf8 Qxd2 22. Rxd2 Kxf8 23. c3 Kg8 24. Rd6 Bh6 25. b3 Bf8 26.
Rd7 Bxa3 27. Ng5 Rf8 28. Ra7 h6 29. Ne4 f5 30. Ng3 Rf6 31. Ne2 Bf8 32. Nd4
Bc5 33. Ke2 Bxd4 34. cxd4 Re6+ 35. Kd2 Rd6 36. Kc3 Rc6+ 37. Kb4 Rd6 38. Kc5
Re6 39. d5 Re2 40. Rxa6 Rxf2 41. Rxg6+ Kh7 42. Rg3 f4 43. Rg4 f3 44. gxf3
Rxf3 45. d6 h5 46. Rd4 Rxb3 47. d7 Rc3+ 48. Kb4 Rxh3 49. d8=Q Kg6 50. Rd6+
Kg7 51. Qe7+ Kg8 52. Rd8# { Black checkmated } 1-0

[Event "ICC tourney 2562 (45 10)"]
[Site "Internet Chess Club"]
[Date "2021.05.15"]
[Round "5"]
[White "FENG, AARON:aaronfeng"]
[Black "PAREKH, VANSH:Popularmmose"]
[Result "0-1"]
[ICCResult "White forfeits on time"]
[WhiteElo "1158"]
[BlackElo "1086"]
[Opening "Sicilian: dragon, 6.Be3"]
[ECO "B72"]
[NIC "SI.16"]
[Time "21:01:08"]
[PlyCount "134"]
[TimeControl "2700+10"]

1. e4 c5 2. Nf3 d6 3. d4 cxd4 4. Nxd4 Nf6 5. Nc3 g6 6. Be3 Bg7 7. Bc4 O-O
8. Bb3 Ng4 9. O-O Nxe3 10. fxe3 Nc6 11. Re1 Bd7 12. Qd2 Bh6 13. Qd1 Ne5 14.
h3 Qc8 15. Kh2 a5 16. a4 Qc5 17. Qe2 Rac8 18. Nd5 Rfe8 19. Rac1 Kg7 20.
Rcd1 e6 21. Nf4 Nc4 22. Qxc4 Qxc4 23. Bxc4 Rxc4 24. b3 Rcc8 25. Nf3 Rc3 26.
Rxd6 Bc6 27. Rd3 Rxc2 28. Nd4 Bxe4 29. Nxc2 Bxf4+ 30. exf4 Bxd3 31. Ne3 e5
32. fxe5 Rxe5 33. Nc2 Rc5 34. Nd4 Rd5 35. Nf3 Bc2 36. Re3 Kf6 37. Rc3 Be4
38. Rc7 b5 39. Rc6+ Ke7 40. axb5 Rxb5 41. Rc3 Kf6 42. Nd4 Rb8 43. Re3 Bd5
44. Rd3 Be4 45. Re3 Bd5 46. Rd3 Ba8 47. Re3 Kg7 48. Kg1 Kh6 49. h4 Rb4 50.
Ne2 Bd5 51. Nc1 Kg7 52. g3 h5 53. Rd3 Be4 54. Re3 Bf5 55. Na2 Rd4 56. Re5
Rd1+ 57. Kf2 Rd2+ 58. Re2 Rd3 59. Re3 Rd8 60. Re5 Ra8 61. Nc3 Kf6 62. Rb5
Kg7 63. Ke3 Kf6 64. Kf4 Ke6 65. Rb6+ Ke7 66. Nd5+ Kf8 67. Kg5 Kg7 { White
forfeits on time } 0-1

[Event "ICC tourney 2562 (45 10)"]
[Site "Internet Chess Club"]
[Date "2021.05.15"]
[Round "5"]
[White "SHAMALOV, NATHAN:Nathan-Shamalov"]
[Black "LUO, OLIVER:BadChessNotGood"]
[Result "0-1"]
[ICCResult "Black declared winner by adjudication"]
[WhiteElo "1105"]
[BlackElo "596"]
[Opening "Ponziani: Fraser defense"]
[ECO "C44"]
[NIC "KP.05"]
[Time "21:01:33"]
[PlyCount "39"]
[TimeControl "2700+10"]

1. e4 e5 2. Nf3 Nc6 3. c3 Nf6 4. d4 Nxe4 5. d5 Bc5 6. Be3 Bxe3 7. fxe3 Ne7
8. Nxe5 O-O 9. Bd3 Nxd5 10. Bxe4 Qh4+ 11. g3 Qxe4 12. Qd4 Qxh1+ 13. Kd2
Qxh2+ 14. Kd3 Qxb2 15. Qxd5 Qxa1 16. Nd2 d6 17. Ng4 Bxg4 18. Qg5 Be6 19.
Ne4 Qb1+ 20. Kd4 { Black declared winner by adjudication } 0-1